 Dungeon Crawl Stone Soup version 0.23.0 (webtiles) character file.

Game seed: 10613033642993316825

3886 Kairos the Magician (level 10, -6/76 (77) HPs)
             Began as a Gnoll Skald on Feb 15, 2019.
             Was an Initiate of Gozag.
             Mangled by an alligator (20 damage)
             ... on level 8 of the Dungeon.
             The game lasted 00:17:05 (6875 turns).

Kairos the Magician (Gnoll Skald)                   Turns: 6875, Time: 00:17:05

HP:   -6/76 (77)    AC: 12    Str: 16    XL:     10   Next: 19%
MP:   20/20         EV: 16    Int: 15    God:    Gozag
Gold: 648           SH:  0    Dex: 21    Spells: 16/23 levels left

rFire    . . .     SeeInvis +   a - +8 rapier of Ash {vamp, *Noise rN++ Dex+5}
rCold    . . .     Gourm    .   (no shield)
rNeg     + + .     Faith    .   n - +0 ring mail
rPois    .         Spirit   .   p - +2 helmet {SInv}
rElec    .         Reflect  .   (no cloak)
rCorr    .         Harm     .   b - +2 pair of gloves
MR       .....                  (no boots)
Stlth    +++.......             (no amulet)
HPRegen  0.22/turn              q - ring of see invisible
MPRegen  0.17/turn              (no ring)

@: no status effects
A: distributed training, fangs 1, strong nose
a: Potion Petition, Call Merchant, Bribe Branch, Renounce Religion


You were on level 8 of the Dungeon.
You worshipped Gozag.
Gozag was pleased with you.
You were very hungry.

You visited 2 branches of the dungeon, and saw 9 of its levels.

You collected 753 gold pieces.
You paid 105 gold pieces to Gozag.

Inventory:

Hand Weapons
 a - the +8 rapier of Ash (weapon) {vamp, *Noise rN++ Dex+5}
   (You found it on level 5 of the Dungeon)

   It inflicts no extra harm, but heals its wielder when it wounds a living foe.
   It affects your dexterity (+5).
   It greatly protects you from negative energy.
   It may make noises in combat.
 v - a +1 war axe of freezing
 w - the +9 dagger "Gepnox" {venom, *Rage rF++ rC+}
   (You found it on level 4 of the Dungeon)

   It poisons the flesh of those it strikes.
   It greatly protects you from fire.
   It protects you from cold.
   It may make you go berserk in combat.
 z - a +0 trident of freezing
 A - a +2 halberd of venom
Armour
 b - a +2 pair of gloves (worn)
 n - a +0 ring mail (worn)
 p - a +2 helmet of see invisible (worn)
Jewellery
 q - a ring of see invisible (left hand)
Wands
 C - a wand of polymorph (7)
Scrolls
 e - 4 scrolls of teleportation
 f - a scroll of remove curse
 j - 2 scrolls of amnesia {unknown}
 k - a scroll of enchant armour {unknown}
 o - 2 scrolls of magic mapping {unknown}
 s - 6 scrolls of identify {unknown}
 t - 2 scrolls of blinking {unknown}
 u - a scroll of fear {unknown}
 y - a scroll of random uselessness {unknown}
 B - 2 scrolls of fog {unknown}
 G - a scroll of enchant weapon {unknown}
Potions
 c - 3 potions of might {unknown}
 g - a potion of haste {unknown}
 h - a potion of ambrosia {unknown}
 i - a potion of flight {unknown}
 l - 2 potions of invisibility {unknown}
 m - 2 potions of curing {unknown}
 r - a potion of degeneration {unknown}
 x - 5 potions of heal wounds {unknown}
 E - 2 potions of brilliance {unknown}
 F - a potion of mutation {unknown}
Comestibles
 d - 10 rations


   Skills:
 + Level 6.8 Fighting
 + Level 4.9 Short Blades
 + Level 4.9 Long Blades
 + Level 4.9 Axes
 + Level 4.9 Maces & Flails
 + Level 6.8 Polearms
 + Level 4.9 Staves
 + Level 4.9 Slings
 + Level 4.9 Bows
 + Level 4.9 Crossbows
 + Level 4.9 Throwing
 + Level 5.6 Armour
 + Level 6.8 Dodging
 + Level 4.9 Stealth
 + Level 4.9 Shields
 + Level 4.9 Unarmed Combat
 + Level 7.1 Spellcasting
 + Level 4.1 Conjurations
 + Level 4.1 Hexes
 + Level 6.9 Charms
 + Level 4.1 Summonings
 + Level 4.1 Necromancy
 + Level 4.1 Translocations
 + Level 4.1 Transmutations
 + Level 4.1 Fire Magic
 + Level 4.1 Ice Magic
 + Level 4.1 Air Magic
 + Level 4.1 Earth Magic
 + Level 4.1 Poison Magic
 + Level 5.4 Invocations
 + Level 4.9 Evocations


You had 16 spell levels left.
You knew the following spells:

 Your Spells              Type           Power        Failure   Level  Hunger
a - Infusion              Chrm           ####         1%          1    None
b - Regeneration          Chrm/Necr      ###.......   8%          3    ##.....
c - Spectral Weapon       Hex/Chrm       ###.....     8%          3    ##.....

Your spell library contained the following spells:

 Spells                   Type           Power        Failure   Level  Hunger
 Song of Slaying          Chrm           ####....     1%          2    None
 Shroud of Golubria       Chrm/Tloc      ###.......   3%          2    None


Dungeon Overview and Level Annotations

Branches:
Dungeon (8/15)             Temple (1/1) D:6
   Lair: D:8-11

Altars:
Cheibriados
Dithmenos
Elyvilon
Gozag
Hepliaklqana
Kikubaaqudgha
Makhleb
Nemelex Xobeh
Okawaru
Qazlal
Ru
Sif Muna
Trog
Uskayaw
Vehumet
Wu Jian
Xom
Yredelemnul
Zin
The Shining One


Innate Abilities, Weirdness & Mutations

Your experience applies equally to all skills.
You have very sharp teeth.
Your uncanny sense of smell can sniff out nearby items.


Message History

* * * LOW HITPOINT WARNING * * *
x2 The anaconda constricts you.
You puncture the anaconda!
You feel better.
The anaconda is moderately wounded.
You are feeling very hungry.
The anaconda bites you.
* * * LOW HITPOINT WARNING * * *
x2 The anaconda constricts you.
Unknown command.
Okay, then.
Aiming: Polymorph
Press: ? - help, Shift-Dir - straight line, f/p - anaconda
Aim: an anaconda (moderately wounded, constricting you, chance to defeat MR: 43%)
The alligator loses its grip on you.
The anaconda evaporates and reforms as an alligator!
You closely miss the alligator. Your bite misses the alligator.
The alligator is lightly wounded.
The alligator bites you!!
You die...
Your body crumbles into a pile of gold.

###### # ###....#### #
###.........## #..
##........$..# ##....
##...........# ###......
##...........###........
##.........$..$.@t)...(.
##......................
##.............##.......
##...........### .......
.............# ....>..
............## .......
..........### .......
#.....##### ##..... $
#.#####


You could see an alligator.

Vanquished Creatures
  A troll (D:8)
  Prince Ribbit (D:5)
  A hippogriff (D:8)
  A wyvern (D:8)
  Menkaure (D:6)
  Duvessa (D:7)
  A water moccasin (D:5)
  An orc warrior (D:6)
  An ice beast (D:5)
  A necrophage (D:5)
  A sky beast (D:6)
  A phantom (D:5)
  2 ogres
  4 centaurs
  A gnoll sergeant (D:4)
  2 bullfrogs
  Dowan (D:7)
  A water moccasin zombie (D:6)
  A howler monkey (D:8)
  5 crimson imps
  A jelly (D:7)
  A bullfrog skeleton (D:5)
  4 gnoll shamans (D:4)
  2 orc priests
  5 hounds
  4 orc wizards
  4 iguanas
  4 worker ants
  A hound skeleton (D:5)
  2 worker ant zombies
  28 gnolls (D:4)
  17 adders
  4 oozes
  An adder zombie (D:5)
  5 worms
  3 dart slugs
  4 leopard geckos
  24 orcs
  4 ball pythons
  2 giant cockroaches (D:1)
  11 goblins
  8 hobgoblins
  30 jackals
  4 quokkas
  5 bats
  5 frilled lizards
  10 kobolds
  A leopard gecko zombie (D:5)
  9 rats
232 creatures vanquished.

Vanquished Creatures (others)
  A sky beast (D:8)
1 creature vanquished.

Grand Total: 233 creatures vanquished

Notes
Turn   | Place    | Note
-------+----------+-------------------------------------------
     0 | D:1      | Kairos the Gnoll Skald began the quest for the Orb.
     0 | D:1      | Reached XP level 1. HP: 20/20 MP: 6/6
   182 | D:1      | Reached XP level 2. HP: 26/26 MP: 7/7
   529 | D:1      | Reached XP level 3. HP: 29/31 MP: 9/9
   580 | D:1      | Reached skill level 5 in Spellcasting
   745 | D:2      | Reached skill level 1 in Invocations
  1054 | D:2      | Reached skill level 1 in Short Blades
  1054 | D:2      | Reached skill level 1 in Long Blades
  1054 | D:2      | Reached skill level 1 in Axes
  1054 | D:2      | Reached skill level 1 in Maces & Flails
  1054 | D:2      | Reached skill level 1 in Staves
  1054 | D:2      | Reached skill level 1 in Slings
  1054 | D:2      | Reached skill level 1 in Bows
  1054 | D:2      | Reached skill level 1 in Crossbows
  1054 | D:2      | Reached skill level 1 in Throwing
  1054 | D:2      | Reached skill level 1 in Stealth
  1054 | D:2      | Reached skill level 1 in Shields
  1054 | D:2      | Reached skill level 1 in Unarmed Combat
  1054 | D:2      | Reached skill level 1 in Evocations
  1064 | D:2      | Reached XP level 4. HP: 38/38 MP: 11/11
  1567 | D:3      | Reached skill level 1 in Conjurations
  1567 | D:3      | Reached skill level 1 in Hexes
  1567 | D:3      | Reached skill level 1 in Summonings
  1567 | D:3      | Reached skill level 1 in Necromancy
  1567 | D:3      | Reached skill level 1 in Translocations
  1567 | D:3      | Reached skill level 1 in Transmutations
  1567 | D:3      | Reached skill level 1 in Fire Magic
  1567 | D:3      | Reached skill level 1 in Ice Magic
  1567 | D:3      | Reached skill level 1 in Air Magic
  1567 | D:3      | Reached skill level 1 in Earth Magic
  1567 | D:3      | Reached skill level 1 in Poison Magic
  1630 | D:3      | Reached XP level 5. HP: 36/43 MP: 12/12
  1663 | D:3      | Found a shimmering altar of Xom.
  2407 | D:4      | Reached XP level 6. HP: 50/50 MP: 13/13
  2453 | D:4      | Found a hide-covered altar of Uskayaw.
  2489 | D:3      | Reached skill level 5 in Fighting
  2489 | D:3      | Reached skill level 5 in Polearms
  2489 | D:3      | Reached skill level 5 in Dodging
  2898 | D:4      | Got a shimmering dagger
  2899 | D:4      | Identified the +9 dagger "Gepnox" {venom, *Rage rF++ rC+}
                  | (You found it on level 4 of the Dungeon)
  3040 | D:4      | Reached XP level 7. HP: 56/56 MP: 15/15
  3731 | D:4      | Learned a level 3 spell: Regeneration
  3735 | D:4      | Learned a level 3 spell: Spectral Weapon
  3841 | D:5      | Entered Level 5 of the Dungeon
  3851 | D:5      | Reached XP level 8. HP: 63/63 MP: 16/16
  3932 | D:5      | Reached skill level 6 in Spellcasting
  4002 | D:5      | Got a jewelled rapier
  4005 | D:5      | Identified the +8 rapier of Ash {vamp, *Noise rN++ Dex+5}
                  | (You found it on level 5 of the Dungeon)
  4141 | D:5      | Noticed Prince Ribbit
  4146 | D:5      | Killed Prince Ribbit
  4298 | D:5      | Reached XP level 9. HP: 63/68 MP: 18/18
  4581 | D:6      | Noticed Menkaure
  5027 | D:6      | Found a staircase to the Ecumenical Temple.
  5034 | D:6      | Found a sparkling altar of Nemelex Xobeh.
  5041 | Temple   | Entered the Ecumenical Temple
  5133 | Temple   | Became a worshipper of Gozag Ym Sagoz the Greedy
  5360 | D:6      | Killed Menkaure
  5546 | D:6      | Reached skill level 5 in Armour
  6207 | D:7      | Noticed Duvessa
  6220 | D:7      | Killed Duvessa
  6252 | D:7      | Noticed Dowan
  6259 | D:7      | Killed Dowan
  6452 | D:8      | Noticed a troll
  6462 | D:8      | Killed a troll
  6462 | D:8      | Reached skill level 5 in Invocations
  6592 | D:8      | Reached skill level 7 in Spellcasting
  6592 | D:8      | Reached XP level 10. HP: 76/76 MP: 20/20
  6863 | D:8      | Noticed a two-headed ogre
  6866 | D:8      | Noticed an anaconda
  6866 | D:8      | a two-headed ogre changed into an anaconda
  6874 | D:8      | Noticed an alligator
  6874 | D:8      | an anaconda changed into an alligator
  6875 | D:8      | Mangled by an alligator

Skill      XL: |  1  2  3  4  5  6  7  8  9 10 |
---------------+-------------------------------+-----
Spellcasting   | 5 6 7 |  7.1
Invocations    | 1 2 3 4 5 |  5.4
Short Blades   | 1 2 3 4 |  4.9
Long Blades    | 1 2 3 4 |  4.9
Axes           | 1 2 3 4 |  4.9
Maces & Flails | 1 2 3 4 |  4.9
Staves         | 1 2 3 4 |  4.9
Slings         | 1 2 3 4 |  4.9
Bows           | 1 2 3 4 |  4.9
Crossbows      | 1 2 3 4 |  4.9
Throwing       | 1 2 3 4 |  4.9
Stealth        | 1 2 3 4 |  4.9
Shields        | 1 2 3 4 |  4.9
Unarmed Combat | 1 2 3 4 |  4.9
Evocations     | 1 2 3 4 |  4.9
Conjurations   | 1 2 3 4 |  4.1
Hexes          | 1 2 3 4 |  4.1
Summonings     | 1 2 3 4 |  4.1
Necromancy     | 1 2 3 4 |  4.1
Translocations | 1 2 3 4 |  4.1
Transmutations | 1 2 3 4 |  4.1
Fire Magic     | 1 2 3 4 |  4.1
Ice Magic      | 1 2 3 4 |  4.1
Air Magic      | 1 2 3 4 |  4.1
Earth Magic    | 1 2 3 4 |  4.1
Poison Magic   | 1 2 3 4 |  4.1
Armour         | 3 4 5 |  5.6
Fighting       | 5 6 |  6.8
Polearms       | 5 6 |  6.8
Dodging        | 5 6 |  6.8
Charms         | 6 |  6.9

Action                   |  1- 3 |  4- 6 |  7- 9 | 10-12 || total
-------------------------+-------+-------+-------+-------++-------
Melee: Spear             |   133 |   202 |       |       ||   335
       Bite              |    13 |    23 |    42 |     4 ||    82
       War axe           |       |    43 |       |       ||    43
       Punch             |       |     1 |     8 |       ||     9
       Dagger            |       |    25 |   111 |       ||   136
       Rapier            |       |       |   221 |    52 ||   273
Throw: Throwing net      |       |       |       |     1 ||     1
 Cast: Infusion          |       |     1 |       |       ||     1
       Spectral Weapon   |       |       |     1 |       ||     1
Evoke: Wand              |       |       |       |     2 ||     2
  Use: Scroll            |     1 |       |     2 |       ||     3
 Stab: Sleeping          |     3 |       |     4 |     1 ||     8
       Distracted        |       |       |     1 |     2 ||     3
  Eat: Chunk             |       |     7 |     3 |       ||    10
       Ration            |       |       |     4 |       ||     4
Armor: Leather armour    |    22 |     4 |       |       ||    26
       Ring mail         |       |    93 |   113 |    10 ||   216
Dodge: Dodged            |    64 |   189 |   271 |    24 ||   548
